Map: Disco Bloodbath LE

Players

goblin - Winner!

  • Race: Protoss Protoss
  • Spawn Location: 3:00

Serral

  • Race: Zerg Zerg
  • League: Master
  • Spawn Location: 9:00

Event: NationWars 2019

VOD

Have the link to the VOD?

Description

Time

  • Played on: Nov. 14, 2019, 2:33 p.m.
  • Length: 9:24

All games in this series

Show
View Real Time Build Order
Export as new Build Order

goblin Protoss - Winner!

Build Orders:  

Get SALT Encoding   

  12  0:00  Probe  
  13  0:12  Probe  
  14  0:19  Pylon  
  14  0:24  Probe  
  15  0:37  Probe (Chrono Boost)  
  15  0:41  Gateway  
  16  0:46  Probe (Chrono Boost)  
  16  0:48  Assimilator  
  17  0:51  Probe (Chrono Boost)  
  18  1:01  Forge  
  18  1:09  Probe  
  19  1:22  Probe  
  20  1:28  Pylon  
  20  1:34  Pylon  
  20  1:36  Pylon  
  20  1:47  Photon Cannon  
  20  1:52  Pylon  
  20  2:00  Nexus  
  20  2:05  Cybernetics Core  
  20  2:06  Probe  
  21  2:16  Assimilator  
  21  2:18  Probe  
  22  2:27  Pylon  
  22  2:30  Probe (Chrono Boost)  
  23  2:41  Probe (Chrono Boost)  
  23  2:43  Stalker  
  26  2:50  Stargate, Probe (Chrono Boost)  
  27  2:59  Warp Gate  
  27  3:02  Probe (Chrono Boost)  
  28  3:10  Probe (Chrono Boost)  
  29  3:13  Stalker  
  29  3:14  Shield Battery  
  29  3:16  Probe  
  32  3:30  Void Ray (Chrono Boost)  
  36  3:35  Probe x2  
  38  3:43  Pylon  
  38  3:47  Probe (Chrono Boost)  
  40  3:51  Probe (Chrono Boost)  
  40  3:59  Probe (Chrono Boost)  
  42  4:03  Probe (Chrono Boost)  
  42  4:04  Probe (Chrono Boost), Void Ray (Chrono Boost)  
  47  4:11  Probe  
  47  4:12  Assimilator  
  47  4:13  Probe, Assimilator  
  49  4:19  Pylon  
  49  4:21  Probe  
  49  4:23  Probe  
  50  4:30  Probe  
  51  4:36  Probe  
  53  4:39  Stargate  
  53  4:41  Probe  
  53  4:43  Phoenix  
  56  4:48  Probe  
  56  4:49  Pylon  
  57  4:53  Probe  
  58  5:01  Pylon  
  58  5:06  Protoss Air Weapons Level 1 (Chrono Boost)  
  58  5:07  Zealot  
  58  5:08  Phoenix (Chrono Boost)  
  62  5:27  Phoenix (Chrono Boost)  
  64  5:28  Probe  
  64  5:29  Probe  
  64  5:31  Phoenix (Chrono Boost), Pylon, Zealot  
  70  5:39  Phoenix (Chrono Boost)  
  72  5:48  Phoenix  
  74  5:56  Pylon  
  74  5:58  Nexus  
  74  6:03  Phoenix  
  76  6:05  Pylon  
  76  6:11  Probe x2  
  76  6:13  Phoenix  
  80  6:18  Pylon  
  80  6:21  Twilight Council  
  80  6:22  Pylon  
  80  6:28  Phoenix (Chrono Boost)  
  84  6:41  Probe  
  84  6:42  Probe  
  84  6:45  Phoenix (Chrono Boost)  
  86  6:49  Phoenix (Chrono Boost)  
  86  6:54  Probe x2  
  90  7:03  Phoenix  
  92  7:08  Phoenix  
  92  7:14  Charge, Probe x2  
  96  7:16  Gateway  
  96  7:19  Gateway x2  
  96  7:21  Pylon, Gateway  
  96  7:28  Phoenix  
  98  7:33  Phoenix  
  100  7:40  Probe x3 (Chrono Boost)  
  103  7:50  Probe x3 (Chrono Boost)  
  106  7:53  Phoenix, Assimilator  
  106  7:54  Probe x2 (Chrono Boost), Assimilator  
  106  7:55  Probe (Chrono Boost)  
  111  7:58  Phoenix  
  113  8:05  Zealot  
  111  8:13  Zealot x3  
  111  8:18  Phoenix  
  117  8:29  Zealot x2  
  117  8:30  Probe x2  
  117  8:33  Pylon  
  121  8:35  Phoenix  
  121  8:38  Zealot x3  
  121  8:39  Gateway  
  121  8:40  Gateway  
  127  8:53  Zealot x2  
  127  9:04  Zealot x3  
  133  9:16  Nexus  
  133  9:17  Pylon  
Show
View Real Time Build Order
Export as new Build Order

Serral Zerg 

Build Orders: Hatch First 

Get SALT Encoding   

  12  0:00  Drone  
  13  0:12  Overlord  
  13  0:16  Drone  
  14  0:30  Drone x2  
  16  0:47  Hatchery  
  15  0:50  Drone  
  15  0:54  Drone  
  17  0:57  Drone  
  18  1:08  Extractor  
  17  1:13  Spawning Pool  
  17  1:16  Drone  
  17  1:19  Drone  
  18  1:28  Drone  
  19  1:42  Drone  
  21  1:58  Hatchery  
  21  1:59  Queen  
  21  2:00  Extractor  
  21  2:02  Roach Warren  
  21  2:08  Overlord  
  21  2:09  Drone  
  22  2:35  Queen  
  24  2:41  Roach x3  
  30  2:52  Overlord  
  30  2:57  Metabolic Boost  
  30  3:10  Hatchery  
  30  3:12  Queen  
  31  3:16  Drone  
  32  3:22  Drone  
  32  3:23  Drone  
  32  3:26  Drone  
  35  3:31  Pneumatized Carapace  
  35  3:34  Drone  
  36  3:44  Drone  
  36  3:47  Spore Crawler, Overlord  
  36  3:49  Drone  
  36  3:55  Overlord  
  37  4:07  Drone x4  
  41  4:10  Drone  
  41  4:12  Drone  
  43  4:18  Queen  
  43  4:21  Drone  
  43  4:23  Drone  
  47  4:26  Drone  
  47  4:31  Overlord  
  48  4:32  Drone  
  48  4:35  Drone  
  48  4:36  Zergling x2  
  48  4:37  Zergling x2  
  52  4:43  Overlord  
  52  4:48  Queen  
  52  4:49  Spore Crawler  
  53  4:55  Drone x3  
  53  4:59  Drone x2  
  58  5:02  Queen  
  58  5:04  Drone  
  58  5:05  Drone  
  62  5:08  Drone  
  62  5:12  Zergling x2, Overlord  
  64  5:15  Drone  
  64  5:16  Drone  
  64  5:19  Overlord  
  66  5:23  Overlord  
  66  5:26  Lair  
  66  5:30  Drone, Extractor  
  66  5:31  Extractor  
  66  5:33  Extractor  
  66  5:34  Drone  
  66  5:35  Overlord  
  66  5:36  Overlord  
  66  5:38  Drone x2  
  70  5:42  Drone x2  
  70  5:45  Drone x3  
  70  5:49  Drone  
  74  5:53  Overlord  
  74  5:56  Evolution Chamber  
  72  5:57  Overlord  
  72  6:01  Queen x2  
  76  6:08  Spore Crawler  
  76  6:09  Spore Crawler  
  76  6:10  Drone x3  
  77  6:12  Drone  
  77  6:15  Drone  
  77  6:16  Drone x2  
  77  6:17  Drone  
  82  6:26  Queen  
  82  6:31  Zerg Melee Weapons Level 1  
  82  6:32  Spore Crawler, Drone x3  
  86  6:35  Drone  
  86  6:36  Drone x2, Queen  
  86  6:38  Drone  
  86  6:39  Drone  
  90  6:44  Drone  
  90  6:45  Drone  
  90  6:46  Hydralisk Den  
  91  6:48  Spore Crawler  
  91  6:49  Drone x2  
  91  6:51  Drone  
  91  6:53  Drone  
  94  6:56  Spore Crawler  
  94  6:58  Extractor  
  92  7:05  Overlord  
  90  7:11  Spore Crawler  
  90  7:12  Spore Crawler  
  90  7:14  Spore Crawler  
  88  7:18  Grooved Spines  
  88  7:19  Overlord  
  88  7:23  Queen x3, Overlord  
  88  7:26  Spore Crawler, Drone  
  88  7:28  Overlord  
  91  7:43  Extractor  
  91  7:44  Overseer, Infestation Pit, Hydralisk x4  
  90  7:49  Spore Crawler  
  96  7:52  Hydralisk x3  
  102  7:58  Drone x3  
  102  8:04  Queen  
  102  8:05  Queen  
  105  8:08  Drone  
  100  8:15  Drone x2, Hydralisk  
  100  8:16  Drone, Hydralisk x2  
  99  8:22  Hydralisk x2  
  93  8:28  Hydralisk  
  93  8:29  Queen  
  93  8:33  Spore Crawler, Extractor  
  93  8:34  Spore Crawler  
  88  8:35  Spore Crawler, Hydralisk  
  88  8:37  Hydralisk  
  88  8:39  Queen, Hydralisk  
  95  8:43  Hydralisk  
  95  8:44  Hydralisk  
  95  8:46  Hydralisk  
  97  8:49  Hydralisk  
  97  8:52  Hydralisk  
  98  8:57  Hydralisk  
  100  9:05  Zergling x2, Overlord x2  
  100  9:06  Overlord  
Tags
 
Add a new tag
Caveats
  • Supply blocks, unpowered buildings, or Contaminate may cause inaccurate times.
  • Supply counts are checked every 10 seconds.